 Dungeon Crawl Stone Soup version 0.24-a0-479-g9a978d2894 (webtiles) character file.

Game seed: 15211891245905292837

2398 ChocoEater the Geomancer (level 9, -3/49 HPs)
             Began as a Gargoyle Earth Elementalist on July 7, 2019.
             Was an Initiate of Vehumet.
             Slain by an orc warrior
             ... wielding a +4 glaive
              (9 damage)
             ... on level 7 of the Dungeon.
             The game lasted 00:15:32 (5785 turns).

ChocoEater the Geomancer (GrEE)                     Turns: 5785, Time: 00:15:32

Health: -3/49      AC: 14    Str: 19    XL:     9   Next: 46%
Magic:  5/18       EV: 13    Int: 20    God:    Vehumet [......]
Gold:   381        SH:  0    Dex: 17    Spells: 11/20 levels left

rFire    . . .     SeeInvis .   x - +3 short sword "Odghinux" {vamp, Str+8 Dex+7} (curse)
rCold    . . .     Gourm    .   (no shield)
rNeg     + . .     Faith    .   c - +0 robe
rPois    ∞         Spirit   .   u - +0 helmet
rElec    +         Reflect  .   p - +1 cloak
rCorr    .         Harm     .   h - +2 pair of gloves
MR       .....                  (no boots)
Stlth    ++........             (no amulet)
HPRegen  0.16/turn              (no ring)
MPRegen  0.16/turn              (no ring)

@: no status effects
A: negative energy resistance 1, electricity resistance, unbreathing,
petrification resistance, rot immunity, AC +6
a: Renounce Religion


You were on level 7 of the Dungeon.
You worshipped Vehumet.
Vehumet was noncommittal.
You were very hungry.

You visited 2 branches of the dungeon, and saw 8 of its levels.

You collected 381 gold pieces.

Inventory:

Hand Weapons
 e - a +0 morningstar
 n - a +1 dagger of draining
 s - a +0 flail
 x - the cursed +3 short sword "Odghinux" (weapon) {vamp, Str+8 Dex+7}
   (You found it on level 6 of the Dungeon)

   It inflicts no extra harm, but heals its wielder when it wounds a living foe.
   It affects your strength (+8).
   It affects your dexterity (+7).
   It has a curse placed upon it.
Missiles
 b - 137 stones (quivered)
Armour
 c - a +0 robe (worn)
 h - a +2 pair of gloves (worn)
 p - a +1 cloak (worn)
 u - a +0 helmet (worn)
Wands
 t - a wand of iceblast (8)
Scrolls
 g - 4 scrolls of identify
 k - 3 scrolls of teleportation
 w - a scroll of remove curse
Potions
 a - 5 potions of agility
 f - a potion of magic
 i - 2 potions of curing
 j - a potion of flight
 l - 2 potions of heal wounds
 m - a potion of resistance
 o - 2 potions of brilliance
 r - a potion of might
 v - a potion of lignification
 z - 2 potions of berserk rage
Comestibles
 d - 13 rations
 q - 3 chunks of flesh


   Skills:
 + Level 2.5 Fighting
 + Level 2.1 Maces & Flails
 + Level 2.2 Armour
 + Level 2.5 Dodging
 - Level 2.1 Stealth
 + Level 6.2 Spellcasting
 + Level 6.6 Conjurations
   Level 0.7 Transmutations
 + Level 8.6 Earth Magic
 + Level 1.8 Evocations


You had 11 spell levels left.
You knew the following spells:

 Your Spells              Type           Power        Failure   Level  Hunger
a - Sandblast             Erth           #####.       1%          1    None
b - Stone Arrow           Conj/Erth      #####.       1%          3    ##.....
c - Lee's Rapid Deconstr  Erth           #####.....   9%          5    #####..

Your spell library contained the following spells:

 Spells                   Type           Power        Failure   Level  Hunger
 Passwall                 Tmut/Erth      ###.....     2%          2    None
 Petrify                  Tmut/Erth      ###.....     16%         4    ####...
 Recall                   Summ/Tloc      N/A          30%         3    ##.....
 Aura of Abjuration       Summ           #.........   96%         5    #####..
 Summon Demon             Summ           #.........   96%         5    #####..
 Summon Forest            Summ/Tloc      #.........   96%         5    #####..
 Summon Mana Viper        Hex/Summ       #.......     96%         5    #####..
 Shadow Creatures         Summ           N/A          100%        6    #######


Dungeon Overview and Level Annotations

Branches:
Dungeon (7/15)             Temple (1/1) D:7

Altars:
Ashenzari
Cheibriados
Dithmenos
Elyvilon
Fedhas
Gozag
Hepliaklqana
Kikubaaqudgha
Makhleb
Nemelex Xobeh
Okawaru
Qazlal
Ru
Sif Muna
Trog
Uskayaw
Vehumet
Wu Jian
Xom
Zin


Innate Abilities, Weirdness & Mutations

You are resistant to torment.
Your stone body is resilient. (AC +6)
You are immune to poison.
You resist negative energy. (rN+)
You are resistant to electric shocks. (rElec)
You can survive without breathing.
You are immune to petrification.
You are immune to rotting.


Message History

The orc warrior hits you with a +4 glaive!!
* * * LOW HITPOINT WARNING * * *
Casting: Sandblast (safe; 1% risk of failure)
Confirm with . or Enter, or press ? or * to list all spells.
Aiming: Sandblast (safe; 1% risk of failure)
Press: ? - help, Shift-Dir - straight line, f/p - orc warrior
Aim: an orc warrior, wielding a +4 glaive and wearing a +0 plate armour (lightly wounded)
The blast of sand hits the orc warrior but does no damage.
The orc warrior is lightly wounded.
b - 138 stones
Casting: Sandblast (safe; 1% risk of failure)
Confirm with . or Enter, or press ? or * to list all spells.
Aiming: Sandblast (safe; 1% risk of failure)
Press: ? - help, Shift-Dir - straight line, f/p - orc warrior
Aim: an orc warrior, wielding a +4 glaive and wearing a +0 plate armour (lightly wounded)
The blast of sand hits the orc warrior but does no damage.
The orc warrior is lightly wounded.
b - 137 stones The orc warrior hits you with a +4 glaive!
You die...

###...............#
.................#
..##..##...##......#
.....##...##......#
#.........[...##
#....>(......##
#)..........##
#)##...##.#.#
#@##...##.....
#.).o..............
##.#.o...........$..
#..J.......Y......#
.###..#####........
.. ... .. ...# ..#
....


You could see an orc warrior, a jelly and an orc.

Vanquished Creatures
  A water moccasin (D:6)
  2 orc warriors (D:6)
  2 sky beasts
  2 ice beasts
  2 phantoms (D:5)
  An eye of draining (D:5)
  2 ogres (D:4)
  2 centaurs
  4 scorpions
  A howler monkey (D:4)
  A crimson imp (Temple)
  2 bullfrog zombies
  2 hounds
  2 orc priests (D:4)
  8 orc wizards
  Natasha (thrice) (D:4)
  An iguana (D:4)
  4 worker ants
  4 gnolls
  12 adders
  2 oozes
  An adder zombie (D:5)
  2 adder skeletons
  3 worms
  2 leopard geckos
  29 orcs
  4 giant cockroaches
  3 goblins
  4 hobgoblins
  2 quokkas
  3 ball pythons (D:3)
  A bat (D:3)
  8 frilled lizards
  A jackal skeleton (D:4)
  10 kobolds
  A quokka zombie (D:5)
  6 rats
140 creatures vanquished.

Notes
Turn   | Place    | Note
-------+----------+-------------------------------------------
     0 | D:1      | ChocoEater the Gargoyle Earth Elementalist began the quest
                  | for the Orb.
     0 | D:1      | Reached XP level 1. HP: 10/10 MP: 3/3
   397 | D:1      | Reached skill level 4 in Earth Magic
   397 | D:1      | Reached XP level 2. HP: 10/15 MP: 1/5
  1031 | D:2      | Reached XP level 3. HP: 18/19 MP: 6/6
  1036 | D:2      | Learned a level 3 spell: Stone Arrow
  1079 | D:2      | Noticed a -1 hand axe
  1080 | D:2      | Noticed a +0 hand axe
  1081 | D:2      | Found a hide-covered altar of Uskayaw.
  1657 | D:3      | You fall into a shaft and drop 1 floor!
  1690 | D:4      | Noticed an ogre
  1697 | D:4      | Killed an ogre
  1697 | D:4      | Reached skill level 5 in Earth Magic
  1697 | D:4      | Reached XP level 4. HP: 24/24 MP: 0/8
  1697 | D:4      | Reached XP level 5. HP: 28/28 MP: 0/9
  1777 | D:3      | Learned a level 5 spell: Lee's Rapid Deconstruction
  2253 | D:3      | Reached XP level 6. HP: 32/32 MP: 9/11
  2638 | D:4      | Noticed Natasha
  2642 | D:4      | Killed Natasha
  2776 | D:4      | Noticed Natasha
  2780 | D:4      | Killed Natasha
  2865 | D:4      | Found a sparkling altar of Nemelex Xobeh.
  3056 | D:4      | Reached skill level 6 in Earth Magic
  3081 | D:4      | Reached XP level 7. HP: 33/36 MP: 1/13
  3343 | D:4      | Noticed Natasha
  3351 | D:4      | Killed Natasha
  3460 | D:4      | Found an opulent altar of Gozag.
  3460 | D:4      | Found a glowing silver altar of Zin.
  3830 | D:4      | Found a stormy altar of Qazlal.
  3865 | D:5      | Entered Level 5 of the Dungeon
  3938 | D:5      | Reached skill level 7 in Earth Magic
  3941 | D:5      | Reached skill level 5 in Spellcasting
  3952 | D:5      | Reached skill level 5 in Conjurations
  3952 | D:5      | Reached XP level 8. HP: 24/41 MP: 5/15
  4320 | D:5      | Found a bloodstained altar of Trog.
  4795 | D:6      | Reached skill level 8 in Earth Magic
  4913 | D:6      | Reached skill level 1 in Fighting
  4913 | D:6      | Reached skill level 1 in Maces & Flails
  4913 | D:6      | Reached skill level 1 in Armour
  4929 | D:6      | Reached skill level 1 in Evocations
  4933 | D:6      | Reached XP level 9. HP: 37/47 MP: 7/18
  4998 | D:6      | Got an iridescent short sword
  4999 | D:6      | Identified the cursed +3 short sword "Odghinux" {vamp,
                  | Str+8 Dex+7} (You found it on level 6 of the Dungeon)
  5668 | D:7      | Found a staircase to the Ecumenical Temple.
  5700 | Temple   | Entered the Ecumenical Temple
  5708 | Temple   | Became a worshipper of Vehumet
  5785 | D:7      | Slain by an orc warrior

Levels and vault maps discovered:
D:1:      psy_arrival_whirlpool, layout_loops_ring
D:2:      layout_loops_ring, dancing_weapons_uskayaw
D:3:      minmay_diamond_boxcup, layout_basic, minmay_three_crescents
D:4:      kb_forest_paths, layout_basic, grunt_temple_overflow_gold_and_silver,
          nemelex_altar_shiori, kennysheep_little_box, first_ration,
          uniq_natasha
D:5:      layout_rooms, trog_eyes_of_draining
D:6:      layout_cave_pools, dk_rats_in_the_wall
D:7:      layout_rooms, minmay_temple_entry_stoned_glass
Temple:   minmay_freezing_vapour_temple

Skill      XL: |  1  2  3  4  5  6  7  8  9 |
---------------+----------------------------+-----
Earth Magic    | 4 5 6 7 8 |  8.6
Spellcasting   | 3 4 5 6 |  6.2
Conjurations   | 2 3 5 6 |  6.6
Fighting       | 1 2 |  2.5
Maces & Flails | 1 2 |  2.1
Armour         | 1 2 |  2.2
Evocations     | 1 |  1.8
Dodging        | 2 |  2.5
Stealth        | |  2.1
Transmutations | |  0.7

Action                   |  1- 3 |  4- 6 |  7- 9 || total
-------------------------+-------+-------+-------++-------
Melee: Unarmed           |    24 |       |       ||    24
       Club              |    14 |       |       ||    14
       Dagger            |    55 |    94 |   156 ||   305
       Short sword       |       |       |   132 ||   132
 Cast: Sandblast         |    10 |    45 |    60 ||   115
       Stone Arrow       |     4 |     2 |    10 ||    16
       Lee's Rapid Decon |       |       |     7 ||     7
  Use: Scroll            |    10 |     6 |     5 ||    21
       Potion            |       |       |     1 ||     1
 Stab: Sleeping          |     2 |     1 |     4 ||     7
       Distracted        |       |       |     2 ||     2
  Eat: Chunk             |     3 |     5 |    10 ||    18
Armor: Robe              |    35 |    41 |   147 ||   223
Dodge: Dodged            |    50 |    80 |   230 ||   360

Table legend:
 A = Non-vault XP
 B = Vault XP
 C = Vault XP percentage of total XP
 D = Non-vault monster count
 E = Vault monster count
 F = Vault count percentage of total count
                 A         B        C        D         E       F
            +---------+---------+-------+---------+---------+-------
      Total |    3053 |     373 |  10.9 |     119 |      21 |  15.0
            +---------+---------+-------+---------+---------+-------
        D:1 |      22 |       0 |   0.0 |      12 |       0 |   0.0
        D:2 |      34 |       0 |   0.0 |      13 |       0 |   0.0
        D:3 |      77 |      91 |  54.2 |      11 |      14 |  56.0
        D:4 |     611 |     140 |  18.6 |      20 |       4 |  16.7
        D:5 |     643 |     142 |  18.1 |      27 |       3 |  10.0
        D:6 |    1153 |       0 |   0.0 |      21 |       0 |   0.0
        D:7 |     467 |       0 |   0.0 |      14 |       0 |   0.0
     Temple |      46 |       0 |   0.0 |       1 |       0 |   0.0
            +---------+---------+-------+---------+---------+-------
